AoeStats
← Tavik

Nomad

508543440Analyzed
2v2 RM · 8d ago on Sep 23, 2026· 45m 25s· 4 players
Game mode
Random Map
Map size
176×176
Population
200
Speed
Normal
Resources
Standard
Victory
Conquest
Starting age
Dark Age
Ending age
Imperial Age
RankedLock teamsTeams togetherTeam positionsShared explorationLock speedFull tech treeHidden civsTurbo modeCheats
Victory
Defeat
🇫🇷 Persians · France
1354
+14
🇫🇷 Franks · France
1296
+16
🇨🇿 Goths · Czechia
1311
-15
🇨🇿 Berbers · Czechia
1305
-15
Melioth
5:03 Loom
14:22 Feudal Age
22:05 Castle Age
20:55 Horse Collar
21:02 Double-Bit Axe
21:36 Fishing Lines
22:56 Bloodlines
23:07 Gillnets
24:22 Bow Saw
27:44 Wheelbarrow
27:58 Medium Warships
29:09 Fletching
36:21 Scale Barding Armor
36:27 Forging
36:53 Husbandry
45:47 Hand Cart
Tavik
3:11 Loom
13:18 Feudal Age
17:37 Man-at-Arms
22:48 Castle Age
24:40 Wheelbarrow
25:04 Double-Bit Axe
28:09 Fletching
30:14 Town Watch
31:48 Bodkin Arrow
32:04 Forging
31:54 Scale Mail Armor
39:19 Imperial Age
37:07 Squires
41:25 Bracer
42:30 Chemistry
41:51 Ballistics
43:27 Horse Collar
HeN.AlcoOlo
9:21 Loom
13:11 Feudal Age
14:22 Town Watch
18:27 Castle Age
16:26 Double-Bit Axe
21:10 Scale Mail Armor
21:23 Forging
21:18 Demolition Ship
22:33 Arson
23:24 Chain Mail Armor
23:16 Squires
33:50 Wheelbarrow
37:23 Imperial Age
35:30 Wheelbarrow
36:50 Iron Casting
36:21 Fishing Lines
39:15 Blast Furnace
37:55 Elite Throwing Axeman
39:49 Plate Mail Armor
41:31 Conscription
41:12 Chivalry
Alabaghar
7:26 Loom
12:32 Feudal Age
13:02 Double-Bit Axe
18:28 Fletching
21:56 Castle Age
20:06 Padded Archer Armor
20:44 Forging
23:10 Medium Warships
22:43 Crossbowman
30:01 Horse Collar
34:42 Wheelbarrow
34:12 Fishing Lines
39:45 Imperial Age
37:32 Gillnets
38:02 Bloodlines
40:30 Husbandry
40:39 Scale Barding Armor
43:52 Cavalier
Connection lost

Rejoining the realm…

Still unreachable

The connection could not be restored.

Session expired

The server has moved on; the page needs a fresh start.